[Event "Titled Tuesday Blitz April 05 Early 2022"]
[White "Omariev, Maksim"]
[Black "Stanisz, Patryk"]
[WhiteFideId "4193423"]
[BlackFideId "1123106"]
[WhiteElo "2486"]
[BlackElo "1833"]
[Result "1-0"]
[Round "08"]
[TimeControl "180+1"]
[Date "2022.04.05"]
[WhiteClock "0:00:03"]
[BlackClock "0:00:06"]

1. g4 c6 2. Bg2 d5 3. h3 Nf6 4. d4 h6 5. Nf3 e6 6. c4 Bd6 7. Nc3 Nbd7 8. Qd3 Qe7 9. e4 dxe4 10. Nxe4 Nxe4 11. Qxe4 Bb4+ 12. Bd2 Nf6 13. Qe2 Bd6 14. O-O-O Bd7 15. Kb1 a5 16. Ne5 a4 17. h4 O-O-O 18. Ba5 Rdf8 19. Qd2 Kb8 20. Bb6 Bc7 21. c5 Bxb6 22. cxb6 Kc8 23. Qa5 Kd8 24. Bxc6 Qd6 25. Bxb7 Ke7 26. Bf3 Rb8 27. b7 Rhd8 28. Nc4 Qf4 29. Qc5+ Ke8 30. Rd3 Nd5 31. Bxd5 exd5 32. Re3+ Be6 33. Na5 Qxf2 34. Rhe1 Qf6 35. Nc6 Rxb7 36. Nxd8 Qxd8 37. g5 hxg5 38. hxg5 Qxg5 39. Qc8+ Ke7 40. Qxb7+ Kf6 41. Qc7 Qg6+ 42. Ka1 Qc2 43. Qe5+ Ke7 44. Qxg7 Qc4 45. Qg5+ Ke8 46. Qe5 Qc7 47. Qxc7 Kf8 48. Rxe6 Kg8 49. Re8+ Kg7 50. Qe7 Kg6 51. Qf8 Kh5 52. Qg7 Kh4 53. Rh8# 1-0


[Site "https://www.chess.com"]

[Event "Titled Tuesday Blitz April 05 Early 2022"]
[White "Onslow, Alfie"]
[Black "Manukian, Artak"]
[WhiteFideId "436976"]
[BlackFideId "13301373"]
[WhiteElo "1884"]
[BlackElo "2359"]
[Result "0-1"]
[Round "08"]
[TimeControl "180+1"]
[Date "2022.04.05"]
[WhiteClock "0:00:01"]
[BlackClock "0:00:08"]

1. e4 c6 2. d4 d5 3. exd5 cxd5 4. Nf3 Nc6 5. Bb5 Bg4 6. h3 Bh5 7. g4 Bg6 8. Ne5 Rc8 9. h4 f6 10. Nxg6 hxg6 11. Qd3 Kf7 12. c3 e5 13. h5 gxh5 14. gxh5 Nge7 15. Bxc6 Rxc6 16. Nd2 exd4 17. Qxd4 Re6+ 18. Kd1 Nc6 19. Qd3 Ne5 20. Qg3 d4 21. c4 d3 22. f4 Nc6 23. b3 Qd4 24. Rb1 Qc3 25. Rb2 Ba3 26. Nb1 Bxb2 27. Nxc3 Bxc3 28. Bd2 Bxd2 29. Kxd2 Rd8 30. Qg6+ Kf8 31. h6 Re2+ 32. Kd1 Rxa2 33. Qxg7+ Ke8 34. Qg6+ Ke7 35. Re1+ Re2 36. Rxe2+ dxe2+ 37. Kxe2 Nd4+ 38. Kf2 Ne6 39. Qe4 Kf7 40. Qxb7+ Kg6 41. Qe4+ Kf7 42. f5 Ng5 43. Qb7+ Ke8 44. Qg7 Rd2+ 45. Ke3 Rh2 46. Qxf6 Nf7 47. Qg6 Rxh6 48. Qg8+ Ke7 49. Qb8 Rh3+ 50. Kf2 Ng5 51. Qxa7+ Kf6 52. Qd4+ Kxf5 53. Qd7+ Kf4 54. Qd4+ Ne4+ 55. Kg2 Rxb3 56. c5 Rc3 57. Qd5 Rc2+ 58. Kh3 Rxc5 59. Qf7+ Rf5 60. Qb3 Rh5+ 61. Kg2 Rg5+ 0-1


[Site "https://www.chess.com"]

[Event "Titled Tuesday Blitz April 05 Early 2022"]
[White "Papasimakopoulos, Alexandros"]
[Black "Arabidze, Meri"]
[WhiteFideId "4244125"]
[BlackFideId "13604040"]
[WhiteElo "2340"]
[BlackElo "2335"]
[Result "1-0"]
[Round "08"]
[TimeControl "180+1"]
[Date "2022.04.05"]
[WhiteClock "0:00:17"]
[BlackClock "0:00:03"]

1. d4 f5 2. c4 e6 3. g4 d5 4. gxf5 exf5 5. cxd5 Nf6 6. Bg2 Nxd5 7. Nc3 Nxc3 8. bxc3 Bd6 9. Qb3 c6 10. Nf3 Qe7 11. O-O Be6 12. c4 O-O 13. d5 cxd5 14. cxd5 Bf7 15. Bg5 Qd7 16. Rab1 Na6 17. Nd4 Nc5 18. Qh3 Bg6 19. e3 b6 20. Ne6 Nxe6 21. dxe6 Qxe6 22. Rbd1 Bf7 23. Bd5 Qg6 24. Bxa8 Rxa8 25. Qg2 Re8 26. Bh4 Bc5 27. Qxg6 hxg6 28. Rd2 a5 29. Bg3 Bb4 30. Rc2 Bc5 31. Rd1 a4 32. Bd6 Rd8 33. Rcd2 Bxd6 34. Rxd6 Rxd6 35. Rxd6 Bxa2 36. Rxb6 Kf7 37. Ra6 Bb3 38. Kg2 g5 39. Kg3 g6 40. f4 gxf4+ 41. exf4 Kg7 42. Kh4 Kh6 43. Ra7 Bc2 44. Kg3 Bb3 45. h3 Bc2 46. Kf2 Bb3 47. Ke3 g5 48. Kf3 Bd1+ 49. Kg3 Bb3 50. Ra8 Kg6 51. Ra6+ Kh5 52. Ra5 Kg6 53. fxg5 Kxg5 54. h4+ Kg6 55. Kf4 Kh5 56. Ra8 Kg6 57. Ra7 Bc2 58. Rc7 Kh6 59. Rxc2 1-0


[Site "https://www.chess.com"]

[Event "Titled Tuesday Blitz April 05 Early 2022"]
[White "Pesotskiy, Mikhail"]
[Black "Lehtosaari, Mauri"]
[WhiteFideId "34164453"]
[BlackFideId "501999"]
[WhiteElo "2010"]
[BlackElo "2547"]
[Result "1-0"]
[Round "08"]
[TimeControl "180+1"]
[Date "2022.04.05"]
[WhiteClock "0:00:12"]
[BlackClock "0:00:01"]

1. d4 d5 2. c4 c6 3. Nf3 Nf6 4. Nbd2 a6 5. e3 b5 6. cxd5 cxd5 7. Bd3 Bg4 8. O-O e6 9. h3 Bh5 10. Nb3 Nbd7 11. Bd2 Bd6 12. Rc1 Ne4 13. Rc6 Qe7 14. Be2 O-O 15. Qc2 Ndf6 16. Rc1 Nxd2 17. Nbxd2 Bg6 18. Qb3 h6 19. a4 bxa4 20. Qxa4 a5 21. Ne5 Bf5 22. Nb3 Rfb8 23. Bf1 Bb4 24. Nc5 Bxc5 25. R6xc5 Rxb2 26. Rxa5 Rab8 27. Ra7 R2b7 28. Nc6 Qc7 29. Nxb8 Rxa7 30. Rxc7 Rxa4 31. Nc6 Ra1 32. Ne5 Ne4 33. g4 Bg6 34. Kg2 Nd2 35. Bd3 Be4+ 36. Bxe4 Nxe4 37. Rxf7 Ra2 38. Rf3 Ng5 39. Rf4 Ne4 40. Nd3 Rd2 41. Nb4 g5 42. Rf3 Kg7 43. Nc6 Rc2 44. Ne5 Kg8 45. Ng6 Kg7 46. Ne5 Kg8 47. Nd7 Kg7 48. Nf8 Rc6 49. Nd7 Rc2 50. Nf8 Rc6 51. Kg1 Rc1+ 52. Kh2 Rc6 53. Kg2 Kg8 54. Nd7 Kg7 55. Ne5 Rc2 56. Nd3 Rd2 57. Nb4 Rb2 58. Na6 Rd2 59. Nc7 e5 60. dxe5 Re2 61. Ne6+ Kg8 62. Nd4 Rd2 63. e6 Nd6 64. e7 Kg7 65. Rf8 Rd1 66. e8=Q Nxe8 67. Rxe8 Kf7 68. Re6 Rxd4 69. exd4 Kxe6 70. f4 Kf6 71. f5 1-0


[Site "https://www.chess.com"]

[Event "Titled Tuesday Blitz April 05 Early 2022"]
[White "Petrovic, Aleksa"]
[Black "Chincholimath, Halsagar"]
[WhiteFideId "967629"]
[BlackFideId "5022487"]
[WhiteElo "2198"]
[BlackElo "1737"]
[Result "1-0"]
[Round "08"]
[TimeControl "180+1"]
[Date "2022.04.05"]
[WhiteClock "0:00:07"]
[BlackClock "0:00:10"]

1. d4 d5 2. Nf3 Nf6 3. c4 c6 4. e3 e6 5. Bd3 Bd6 6. O-O Nbd7 7. b3 O-O 8. Bb2 Ne4 9. Ne5 f6 10. Nxd7 Bxd7 11. f3 Ng5 12. Nd2 e5 13. dxe5 fxe5 14. Qc2 e4 15. fxe4 dxe4 16. Nxe4 Rxf1+ 17. Rxf1 Nxe4 18. Bxe4 Qh4 19. g3 Qh6 20. Qd3 Re8 21. Bd4 c5 22. Bb2 b6 23. Bd5+ Kh8 24. e4 Bh3 25. Rf2 Qh5 26. Qf3 Qxf3 27. Rxf3 Rf8 28. Rxf8+ Bxf8 29. Kf2 h6 30. e5 Kh7 31. e6 Kg6 32. Be5 Be7 33. Bb8 a6 34. Ba7 b5 35. Ke3 bxc4 36. Bxc4 a5 37. Bb6 a4 38. bxa4 Kf6 39. a5 Bxe6 40. Bxe6 Bd8 41. Bxd8+ 1-0


[Site "https://www.chess.com"]

[Event "Titled Tuesday Blitz April 05 Early 2022"]
[White "Piesik, Piotr"]
[Black "Jakubowska, Anna"]
[WhiteFideId "1136194"]
[BlackFideId "1121952"]
[WhiteElo "2190"]
[BlackElo "1924"]
[Result "1-0"]
[Round "08"]
[TimeControl "180+1"]
[Date "2022.04.05"]
[WhiteClock "0:01:07"]
[BlackClock "0:00:27"]

1. Nf3 f5 2. d3 Nf6 3. e4 d6 4. exf5 Bxf5 5. d4 Bg4 6. Bd3 Nc6 7. c3 e5 8. h3 Bxf3 9. Qxf3 exd4 10. O-O Be7 11. cxd4 O-O 12. Nc3 d5 13. Be3 Ne4 14. Qg4 Nxc3 15. bxc3 Qd6 16. Rfe1 Rae8 17. Rab1 Nd8 18. c4 c6 19. cxd5 Qxd5 20. Bc2 Kh8 21. Bf4 Qxd4 22. Qh5 g6 1-0


[Site "https://www.chess.com"]

[Event "Titled Tuesday Blitz April 05 Early 2022"]
[White "Piliczewski, Bogusz"]
[Black "Sarkar, Justin"]
[WhiteFideId "1104144"]
[BlackFideId "2010011"]
[WhiteElo "1896"]
[BlackElo "2038"]
[Result "0-1"]
[Round "08"]
[TimeControl "180+1"]
[Date "2022.04.05"]
[WhiteClock "0:00:04"]
[BlackClock "0:00:10"]

1. d4 f5 2. Nf3 Nf6 3. Bf4 g6 4. h3 Bg7 5. e3 d6 6. Be2 O-O 7. O-O Nc6 8. Nbd2 e6 9. c3 Qe7 10. Nc4 b5 11. Ncd2 Rb8 12. a3 e5 13. Bh2 h6 14. Ne1 g5 15. Nc2 f4 16. dxe5 dxe5 17. exf4 exf4 18. Re1 Qc5 19. Nb3 Qb6 20. Nbd4 Nxd4 21. Nxd4 a6 22. Qb3+ Kh8 23. Bf3 Bd7 24. Kh1 c5 25. Ne6 c4 26. Qc2 Bxe6 27. Bg1 Rbe8 28. Re2 Bd5 29. Rae1 Bxf3 30. gxf3 Rxe2 31. Rxe2 Qc6 32. Kg2 Re8 33. Rxe8+ Qxe8 34. Qf5 Qd7 35. h4 Qxf5 0-1


[Site "https://www.chess.com"]

[Event "Titled Tuesday Blitz April 05 Early 2022"]
[White "Pinheiro, Iung Alicio de O."]
[Black "Pakleza, Zbigniew"]
[WhiteFideId "2104350"]
[BlackFideId "1119290"]
[WhiteElo "2524"]
[BlackElo "2467"]
[Result "0-1"]
[Round "08"]
[TimeControl "180+1"]
[Date "2022.04.05"]
[WhiteClock "0:00:09"]
[BlackClock "0:00:06"]

1. c4 c6 2. g3 d5 3. Bg2 Nf6 4. Nf3 Bf5 5. cxd5 cxd5 6. Qb3 Qb6 7. Nc3 e6 8. Qxb6 axb6 9. d3 Nc6 10. O-O Bc5 11. Bf4 Ke7 12. a3 Rhc8 13. Nb5 Ra5 14. a4 Ne8 15. Rfc1 Raa8 16. b3 h6 17. h4 f6 18. Bd2 e5 19. Bc3 d4 20. Bb2 Bb4 21. Rc4 Be6 22. Rxb4 Nxb4 23. Ba3 Bxb3 24. Bxb4+ Kf7 25. Nd2 Rxa4 26. Rxa4 Bxa4 27. Nd6+ Nxd6 28. Bxd6 Rc2 29. Nc4 b5 30. Bd5+ Ke8 31. Na5 Rxe2 32. Bxb7 Rd2 33. Be4 Bc2 34. Bb4 Rd1+ 35. Kg2 Bxd3 36. Bc6+ Kd8 37. Nb7+ Kc7 38. Bd5 Bc4 39. Bd6+ Kb6 40. Be4 f5 41. Bc5+ Ka6 42. Bf3 Rc1 43. Nd6 e4 44. Bh5 d3 45. Be3 Rc2 46. Nxf5 Ra2 47. Nd4 d2 48. Nc6 Rb2 49. Bd4 Rc2 50. Be3 Rb2 51. Bd4 Rb3 52. Be3 Rb1 53. Bxd2 e3 54. Bxe3 Bd5+ 55. Bf3 Bxf3+ 56. Kxf3 b4 57. Nd4 b3 58. Ke4 b2 59. Ne2 Rd1 60. Nc3 Rd7 61. Bd4 Ka5 62. Nb1 Rb7 63. Nd2 Ka4 64. Bxb2 Rxb2 65. Nc4 Rxf2 66. Ne3 Rf7 67. g4 Kb5 68. g5 Kc6 69. gxh6 gxh6 70. Nf5 h5 71. Kf4 Kd5 72. Kg5 Ke5 73. Ng3 Rg7+ 74. Kxh5 Rxg3 75. Kh6 Kf6 76. h5 Rg5 77. Kh7 Rxh5+ 78. Kg8 Rh4 0-1


[Site "https://www.chess.com"]

[Event "Titled Tuesday Blitz April 05 Early 2022"]
[White "Pires, Marcos Vinicius Torsani"]
[Black "Mokshanov, Alexey"]
[WhiteFideId "2118939"]
[BlackFideId "24121657"]
[WhiteElo "2273"]
[BlackElo "2141"]
[Result "1/2-1/2"]
[Round "08"]
[TimeControl "180+1"]
[Date "2022.04.05"]
[WhiteClock "0:00:32"]
[BlackClock "0:01:02"]

1. e4 e6 2. d4 d5 3. Nd2 Nf6 4. e5 Nfd7 5. Bd3 c5 6. c3 Nc6 7. Ne2 cxd4 8. cxd4 f6 9. exf6 Nxf6 10. Nf3 Bd6 11. O-O Qc7 12. Nc3 a6 13. Bg5 O-O 14. Bh4 g6 15. Bg3 Bxg3 16. hxg3 Qg7 17. Qd2 Bd7 18. Rfe1 Rae8 19. Re2 Ng4 20. Bc2 h6 21. Rae1 g5 22. a3 Rxf3 23. gxf3 Nxd4 24. Kg2 Nxe2 25. Nxe2 Nf6 26. Nd4 e5 27. Nf5 Bxf5 28. Bxf5 Qc7 29. Rc1 Qd6 30. b4 Kg7 31. Rc5 Re7 32. Qc1 e4 33. fxe4 dxe4 34. Qc3 Kf7 35. Qc4+ Kg7 36. Qc3 Kf7 37. Qc4+ Kg7 38. Qc3 1/2-1/2


[Site "https://www.chess.com"]

[Event "Titled Tuesday Blitz April 05 Early 2022"]
[White "Polok, Kacper"]
[Black "De Souza, Cristiano Gomes"]
[WhiteFideId "1137158"]
[BlackFideId "2151758"]
[WhiteElo "2224"]
[BlackElo "2068"]
[Result "1-0"]
[Round "08"]
[TimeControl "180+1"]
[Date "2022.04.05"]
[WhiteClock "0:01:14"]
[BlackClock "0:00:12"]

1. f4 Nf6 2. Nf3 g6 3. e3 Bg7 4. d4 O-O 5. Bd3 d6 6. O-O Nbd7 7. f5 e5 8. dxe5 Nxe5 9. Nxe5 dxe5 10. fxg6 hxg6 11. Nc3 c6 12. Qf3 Nd5 13. Bd2 f5 14. e4 Nxc3 15. Bxc3 Be6 16. exf5 gxf5 17. Qe2 e4 18. Bc4 Qe7 19. Kh1 Rae8 20. Bxe6+ Qxe6 21. Bxg7 Kxg7 22. Rf4 Rf6 23. Raf1 Ref8 24. b3 Qd6 25. Qh5 Qe5 26. Rh4 Rg6 27. Qh7+ Kf6 28. Rhf4 Ke6 29. Qxg6+ 1-0


[Site "https://www.chess.com"]

[Event "Titled Tuesday Blitz April 05 Early 2022"]
[White "Potapova, Margarita"]
[Black "Niyazgulova, Marina"]
[WhiteFideId "14126869"]
[BlackFideId "24142573"]
[WhiteElo "2216"]
[BlackElo "2046"]
[Result "1/2-1/2"]
[Round "08"]
[TimeControl "180+1"]
[Date "2022.04.05"]
[WhiteClock "0:00:56"]
[BlackClock "0:00:48"]

1. c4 e5 2. g3 Nf6 3. Bg2 d5 4. cxd5 Nxd5 5. b3 Be7 6. Bb2 Nc6 7. Nf3 f6 8. O-O O-O 9. d4 e4 10. Ne1 f5 11. Nc2 Be6 12. Ne3 Nxe3 13. fxe3 Nb4 14. Nc3 Nd5 15. Nxd5 Bxd5 16. Qc2 Bg5 17. Qc3 Qd6 18. a4 Rf6 19. Rac1 c6 20. b4 a6 21. Qd2 Raf8 22. Ba3 R8f7 23. Ra1 Qc7 24. Rfc1 Rh6 25. b5 Rd7 26. bxa6 bxa6 27. Rab1 Rd8 28. Bc5 Rb8 29. Rxb8+ Qxb8 30. a5 Qb3 31. Rc3 Qb1+ 32. Rc1 Qb3 33. Rc3 Qb1+ 34. Rc1 Qb3 1/2-1/2


[Site "https://www.chess.com"]

[Event "Titled Tuesday Blitz April 05 Early 2022"]
[White "Prado Lobo, Jonas"]
[Black "Bettalli, Francesco"]
[WhiteFideId "32050666"]
[BlackFideId "2816453"]
[WhiteElo "2214"]
[BlackElo "2216"]
[Result "0-1"]
[Round "08"]
[TimeControl "180+1"]
[Date "2022.04.05"]
[WhiteClock "0:00:04"]
[BlackClock "0:00:26"]

1. d4 e5 2. dxe5 Nc6 3. Nf3 Qe7 4. Bf4 Qb4+ 5. Bd2 Qxb2 6. Nc3 Bb4 7. Rb1 Qa3 8. Rb3 Qa5 9. a3 Bxc3 10. Bxc3 Qc5 11. e3 Nge7 12. e6 dxe6 13. Bxg7 Rg8 14. Bb2 Bd7 15. Rxb7 Na5 16. Rb4 Nd5 17. Bd4 Qd6 18. Rb1 Qxa3 19. Qd2 Nc6 20. c4 Nb6 21. c5 Nd5 22. e4 Nxd4 23. Nxd4 Nc3 24. Rc1 Nxe4 25. Qc2 Qb4+ 26. Ke2 Qxd4 27. f3 Bb5+ 0-1


[Site "https://www.chess.com"]

[Event "Titled Tuesday Blitz April 05 Early 2022"]
[White "Prieto Aranguren, Alain"]
[Black "Ambartsumova, Karina"]
[WhiteFideId "2268906"]
[BlackFideId "4166299"]
[WhiteElo "2235"]
[BlackElo "2262"]
[Result "0-1"]
[Round "08"]
[TimeControl "180+1"]
[Date "2022.04.05"]
[WhiteClock "0:01:56"]
[BlackClock "0:01:28"]

1. d4 Nf6 2. c4 e6 3. Nc3 d5 4. cxd5 exd5 5. Bg5 c6 6. e3 Be7 7. Qc2 Nbd7 8. Bd3 h6 9. Bf4 Nh5 10. Nxd5 cxd5 11. Bc7 Bb4+ 12. Kf1 Qe7 13. Bb5 O-O 14. Nf3 Nhf6 15. g4 Ne4 16. h4 Bd6 17. g5 h5 18. Rc1 Nb6 19. Bxd6 Qxd6 20. Bd3 Bf5 21. Ne5 Rac8 22. Qd1 Rxc1 23. Qxc1 f6 24. gxf6 gxf6 25. Nf3 Ng3+ 26. fxg3 Bxd3+ 27. Kf2 Rc8 28. Qd2 Rc2 0-1


[Site "https://www.chess.com"]

[Event "Titled Tuesday Blitz April 05 Early 2022"]
[White "Rabineau, Clement"]
[Black "nobodyperfect13"]
[WhiteFideId "628891"]
[WhiteElo "2237"]
[BlackElo "1943"]
[Result "1/2-1/2"]
[Round "08"]
[TimeControl "180+1"]
[Date "2022.04.05"]
[WhiteClock "0:00:03"]
[BlackClock "0:00:53"]

1. e4 c5 2. c3 Nf6 3. e5 Nd5 4. Bc4 Qc7 5. Nf3 e6 6. O-O Nc6 7. Re1 Be7 8. d4 cxd4 9. Bxd5 exd5 10. Nxd4 Nxd4 11. Qxd4 O-O 12. Bf4 Qc6 13. Nd2 b6 14. Nf3 Bb7 15. Rad1 Qg6 16. Bg3 h5 17. Qd3 Qxd3 18. Rxd3 a5 19. h4 a4 20. Nd4 Bc5 21. Nf5 g6 22. Nd4 Bxd4 23. Rxd4 Rfc8 24. Rb4 Rc6 25. Bf4 Re6 26. Be3 Rxe5 27. Rxb6 Bc6 28. Rd1 Re4 29. Rd4 Rae8 30. Rbb4 f5 31. g3 Rxd4 32. Rxd4 Re4 33. Kf1 Kf7 34. Ke1 Ke6 35. Kd2 Rxd4+ 36. Bxd4 Bb5 37. b3 axb3 38. axb3 d6 39. Ke3 Ba6 40. Kf4 Bb5 41. Kg5 Be8 42. Bh8 Kd7 43. Kf6 Kc6 44. Ke7 Bd7 45. Bd4 f4 46. gxf4 Bf5 47. b4 Bd3 48. Kf6 Bf5 49. Kg5 Bd3 50. Kh6 Bf5 51. Kg7 Bd3 52. Kf7 Bf5 53. Ke7 Bd3 54. Kd8 Bf5 55. Bg7 Be6 56. Ke7 Bf5 57. Bd4 1/2-1/2


[Site "https://www.chess.com"]

[Event "Titled Tuesday Blitz April 05 Early 2022"]
[White "Reprintsev, Alexander"]
[Black "Zarubitski, Viachaslau"]
[WhiteFideId "14100541"]
[BlackFideId "13509373"]
[WhiteElo "2108"]
[BlackElo "2325"]
[Result "1-0"]
[Round "08"]
[TimeControl "180+1"]
[Date "2022.04.05"]
[WhiteClock "0:01:28"]
[BlackClock "0:00:01"]

1. e4 c5 2. b3 Nc6 3. Bb2 e6 4. Qe2 Nf6 5. e5 Nd5 6. Nf3 Be7 7. g3 O-O 8. Bg2 f5 9. O-O Qe8 10. c4 Nc7 11. d4 cxd4 12. Nxd4 b6 13. Nxc6 dxc6 14. Nc3 Bb7 15. Rad1 g5 16. f4 g4 17. Rd2 Rd8 18. Rfd1 Rxd2 19. Rxd2 Qc8 20. Rd6 Rd8 21. Na4 Ne8 22. Rxd8 Qxd8 23. c5 b5 24. Nc3 Nc7 25. b4 a5 26. a3 Na6 27. Nxb5 axb4 28. Nd6 bxa3 29. Bxa3 Ba8 30. Qxa6 1-0


[Site "https://www.chess.com"]

[Event "Titled Tuesday Blitz April 05 Early 2022"]
[White "Rosenberg, Evan S"]
[Black "Dukic, Zachary"]
[WhiteFideId "2019299"]
[BlackFideId "2617188"]
[WhiteElo "2264"]
[BlackElo "2086"]
[Result "1/2-1/2"]
[Round "08"]
[TimeControl "180+1"]
[Date "2022.04.05"]
[WhiteClock "0:00:18"]
[BlackClock "0:00:14"]

1. d4 Nf6 2. c4 g6 3. Nc3 Bg7 4. e4 d6 5. Nf3 O-O 6. h3 e5 7. dxe5 dxe5 8. Qxd8 Rxd8 9. Bg5 Re8 10. Nd5 Nxd5 11. cxd5 c6 12. Bc4 cxd5 13. Bxd5 Nd7 14. Nd2 Nf6 15. Bxf6 Bxf6 16. Rc1 Bg5 17. Rc7 Bd8 18. Rxf7 Be6 19. Rxb7 Bxd5 20. exd5 e4 21. Ke2 Rc8 22. Rd1 Rc2 23. d6 Bb6 24. Re7 Rxe7 25. dxe7 Kf7 26. Rb1 Bxf2 27. Kxf2 Rxd2+ 28. Ke3 Rxg2 29. Kxe4 Rh2 30. a4 Rxh3 31. b4 h5 32. Ke5 Kxe7 33. Rc1 Kd7 34. Rg1 Rh4 35. Rxg6 Rxb4 36. Ra6 Rb7 37. Rh6 Rb4 38. Rh7+ Kc6 39. Rxa7 h4 40. a5 h3 41. Rh7 Rb5+ 42. Ke6 Rxa5 43. Rxh3 Ra1 44. Rc3+ Kb5 45. Kd5 Rd1+ 46. Ke4 Re1+ 47. Kd3 Rd1+ 48. Kc2 1/2-1/2


[Site "https://www.chess.com"]

[Event "Titled Tuesday Blitz April 05 Early 2022"]
[White "Rottenwohrer Suarez, Juan"]
[Black "Legenia, Artem"]
[WhiteFideId "32068182"]
[BlackFideId "14136945"]
[WhiteElo "2158"]
[BlackElo "1936"]
[Result "1/2-1/2"]
[Round "08"]
[TimeControl "180+1"]
[Date "2022.04.05"]
[WhiteClock "0:00:05"]
[BlackClock "0:00:09"]

1. d4 d5 2. c4 e6 3. Nc3 Nf6 4. cxd5 exd5 5. Bg5 c6 6. Qc2 h6 7. Bh4 Be7 8. e3 O-O 9. Bd3 Nbd7 10. Nge2 Re8 11. O-O a6 12. Rab1 Kh8 13. b4 b5 14. a4 Nb6 15. Rfc1 Nc4 16. Bxc4 dxc4 17. e4 Nxe4 18. Qxe4 Bxh4 19. Qxc6 Bf5 20. Rb2 Bg5 21. Rd1 Qd7 22. axb5 axb5 23. Qxb5 Qxb5 24. Nxb5 Bd3 25. Nec3 Red8 26. g3 Bf6 27. d5 Rab8 28. Rbd2 Kg8 29. h4 Bxc3 30. Nxc3 Rxb4 31. Ra2 Rb3 32. Rc1 Rdb8 33. Ra7 R3b7 34. Ra5 Rc7 35. Ra2 Kf8 36. Kg2 Rcb7 37. Kg1 Rb2 38. Ra7 Rc2 39. Rxc2 Bxc2 40. d6 Ke8 41. f3 Bd3 42. Re7+ Kf8 43. Nd5 Rd8 44. d7 Bf5 45. Re5 Bxd7 46. Nb6 Be6 47. Rc5 Ke7 48. Nxc4 Rc8 49. Rxc8 Bxc8 50. Ne3 Kf6 51. Kf2 Ke5 52. f4+ Ke4 53. Nf1 h5 54. Nd2+ Kd3 55. Nf3 f6 56. Ne1+ Ke4 57. Nf3 Kd3 58. Ne1+ Ke4 59. Nf3 Kd3 1/2-1/2


[Site "https://www.chess.com"]

[Event "Titled Tuesday Blitz April 05 Early 2022"]
[White "Saim, Mohamed Ilias"]
[Black "Estrada Nieto, Julian"]
[WhiteFideId "7900465"]
[BlackFideId "5101018"]
[WhiteElo "2006"]
[BlackElo "2252"]
[Result "0-1"]
[Round "08"]
[TimeControl "180+1"]
[Date "2022.04.05"]
[WhiteClock "0:00:01"]
[BlackClock "0:00:09"]

1. d4 d5 2. Nf3 Nf6 3. e3 c5 4. b3 Nc6 5. Bb2 e6 6. a3 cxd4 7. exd4 Bd6 8. Bd3 O-O 9. Nbd2 b6 10. O-O Bb7 11. Ne5 Ne7 12. Qe2 Rc8 13. f4 a6 14. Rac1 b5 15. g4 Nd7 16. g5 Nf5 17. Ndf3 Qe7 18. b4 Nb6 19. Bxf5 exf5 20. Rfe1 Rfe8 21. Qg2 Qc7 22. h4 Nc4 23. c3 Re7 24. h5 Rce8 25. Red1 Bc8 26. Re1 Kh8 27. h6 g6 28. Kf2 Kg8 29. Nd3 Re4 30. Nc5 Bxc5 0-1


[Site "https://www.chess.com"]

[Event "Titled Tuesday Blitz April 05 Early 2022"]
[White "Sanchez Alvares, Kelvin Antonio"]
[Black "Hernandez Jimenez, Alexander Andres"]
[WhiteFideId "3906680"]
[BlackFideId "3900452"]
[WhiteElo "2193"]
[BlackElo "2098"]
[Result "1-0"]
[Round "08"]
[TimeControl "180+1"]
[Date "2022.04.05"]
[WhiteClock "0:01:41"]
[BlackClock "0:01:15"]

1. e4 c5 2. Nf3 d6 3. d4 cxd4 4. Nxd4 Nf6 5. f3 e5 6. Nb3 d5 7. Bg5 d4 8. c3 Be7 9. cxd4 exd4 10. Qxd4 O-O 11. Qxd8 Rxd8 12. Nc3 Nc6 13. Bb5 Be6 14. O-O Ne5 15. Rfd1 h6 16. Be3 a6 17. Be2 b5 18. Nd4 Bc5 19. Kf2 Bc4 20. Nf5 Bxe2 21. Kxe2 Bb4 22. Bd4 Nc4 23. Bxf6 gxf6 24. Nd5 Nxb2 25. Nxb4 Nxd1 26. Rxd1 Rdc8 27. Ne7+ 1-0


[Site "https://www.chess.com"]

[Event "Titled Tuesday Blitz April 05 Early 2022"]
[White "Sanchez, Robert"]
[Black "Martin Carmona, Gaston Manuel"]
[WhiteFideId "2034360"]
[BlackFideId "22284567"]
[WhiteElo "2311"]
[BlackElo "2146"]
[Result "1-0"]
[Round "08"]
[TimeControl "180+1"]
[Date "2022.04.05"]
[WhiteClock "0:00:32"]
[BlackClock "0:00:06"]

1. e4 e6 2. d4 d5 3. Nd2 c5 4. Ngf3 cxd4 5. Nxd4 Nc6 6. Bb5 Bd7 7. Nxc6 bxc6 8. Bd3 Bd6 9. f4 Bxf4 10. O-O Be3+ 11. Kh1 Bh6 12. e5 Ne7 13. Qh5 Ng6 14. Nb3 Bxc1 15. Raxc1 Qh4 16. Qe2 Qe7 17. Qh5 c5 18. c4 d4 19. Nd2 Bc6 20. Ne4 Bxe4 21. Bxe4 Rb8 22. b3 O-O 23. Rf3 f5 24. Rh3 fxe4 25. Qxh7+ Kf7 26. Rf1+ Ke8 27. Qxg6+ Kd7 28. Rg1 e3 29. Qd3 Rf5 30. Rxe3 Qg5 31. Rf3 Rxf3 32. Qxf3 Qxe5 33. h3 Qf6 34. Qe4 Rh8 35. Qb7+ Kd6 36. Qa6+ Ke5 37. Re1+ Kf5 38. Rf1+ Kg6 39. Rxf6+ gxf6 40. Qxe6 Rd8 41. Qe4+ Kf7 42. Qd3 Re8 43. b4 1-0


[Site "https://www.chess.com"]

[Event "Titled Tuesday Blitz April 05 Early 2022"]
[White "Shohat, Yotam"]
[Black "Molina, Roberto Junio Brito"]
[WhiteFideId "2813955"]
[BlackFideId "2109450"]
[WhiteElo "2119"]
[BlackElo "2432"]
[Result "0-1"]
[Round "08"]
[TimeControl "180+1"]
[Date "2022.04.05"]
[WhiteClock "0:00:03"]
[BlackClock "0:01:25"]

1. e4 c6 2. d4 d5 3. exd5 cxd5 4. c4 Nf6 5. Nc3 e6 6. Nf3 Be7 7. cxd5 Nxd5 8. Bd3 O-O 9. O-O Nc6 10. Re1 Nf6 11. a3 b6 12. Bc2 Ba6 13. Bf4 Rc8 14. Rc1 Na5 15. Ne5 Bb7 16. Qd3 Nc6 17. Ng4 g6 18. Nxf6+ Bxf6 19. d5 exd5 20. Nxd5 Bg7 21. Rcd1 Re8 22. Rxe8+ Qxe8 23. Bb3 Rd8 24. h4 Bxb2 25. h5 Bg7 26. hxg6 hxg6 27. Nf6+ Bxf6 28. Qxg6+ Bg7 29. Rxd8 Nxd8 30. Bh6 Qe1+ 31. Kh2 Qe5+ 32. f4 Qf6 0-1


[Site "https://www.chess.com"]

[Event "Titled Tuesday Blitz April 05 Early 2022"]
[White "Shukhman, Anna"]
[Black "Hua, Lefong"]
[WhiteFideId "54180058"]
[BlackFideId "2602253"]
[WhiteElo "1665"]
[BlackElo "2579"]
[Result "0-1"]
[Round "08"]
[TimeControl "180+1"]
[Date "2022.04.05"]
[WhiteClock "0:00:21"]
[BlackClock "0:00:20"]

1. e4 c5 2. Nf3 g6 3. c3 Nc6 4. d4 d5 5. e5 cxd4 6. cxd4 Bg4 7. Bb5 Qb6 8. Nc3 e6 9. O-O Ne7 10. Be3 Nf5 11. h3 Bxf3 12. Qxf3 Bg7 13. Rfd1 O-O 14. Bxc6 Qxc6 15. Rac1 Rfc8 16. Bg5 Qd7 17. g4 Ne7 18. h4 Rc6 19. h5 Rac8 20. h6 Bf8 21. Rd3 b5 22. Qf4 b4 23. Rf3 Qe8 24. Ne2 Rxc1+ 25. Nxc1 Rc2 26. Nd3 Nc6 27. Kg2 Rc4 28. Qe3 Rxd4 29. Rf4 Rxf4 30. Bxf4 Qd7 31. Qc1 a5 32. Nc5 Qc8 33. b3 Nxe5 34. Bxe5 Qxc5 35. Qxc5 Bxc5 36. Bc7 f6 37. Bxa5 Kf7 38. Bc7 e5 39. g5 Ke6 40. gxf6 Kxf6 41. Kf3 Kf5 42. Ke2 g5 43. f3 e4 44. fxe4+ dxe4 45. Bd8 g4 46. Bc7 Kg5 47. Bg3 Kxh6 48. Bf4+ Kg6 49. Be5 Kf5 50. Bh8 h5 51. a4 bxa3 52. Bc3 a2 0-1


[Site "https://www.chess.com"]

[Event "Titled Tuesday Blitz April 05 Early 2022"]
[White "Silva, Miguel Antonio Neto"]
[Black "Mirzoev, Azer"]
[WhiteFideId "1911929"]
[BlackFideId "13400304"]
[WhiteElo "2204"]
[BlackElo "2525"]
[Result "0-1"]
[Round "08"]
[TimeControl "180+1"]
[Date "2022.04.05"]
[WhiteClock "0:00:56"]
[BlackClock "0:01:17"]

1. d4 Nf6 2. Nf3 e6 3. g3 b5 4. Bg2 Bb7 5. O-O c5 6. a4 b4 7. dxc5 Bxc5 8. c4 bxc3 9. Nxc3 Na6 10. Bg5 h6 11. Bf4 O-O 12. Rc1 d5 13. Ne5 Qb6 14. Nb5 Rfc8 15. Nd3 Bf8 16. Be5 Rxc1 17. Qxc1 Nd7 18. Bd4 Nac5 19. Qe3 a6 20. Nc3 Qd6 21. f4 Nxd3 22. exd3 Qb4 23. f5 e5 24. Bxe5 Re8 25. d4 Rxe5 0-1


[Site "https://www.chess.com"]